 Dungeon Crawl Stone Soup version 0.25-a0-166-g16436c4407 (console) character file.

Game seed: 4457939987625399115, levelgen mode: deterministic

335 Kagalorn the Archer (level 6, -1/48 HPs)
             Began as a Centaur Hunter on Nov 23, 2019.
             Slain by an adder (4 damage)
             ... on level 3 of the Dungeon.
             The game lasted 00:09:07 (2683 turns).

Kagalorn the Archer (Centaur Hunter)                Turns: 2683, Time: 00:09:07

Health: -1/48      AC:  7    Str: 17    XL:     6   Next: 28%
Magic:  6/6        EV:  5    Int: 10    God:
Gold:   63         SH:  7    Dex:  9    Spells: 5/5 levels left

rFire    . . .     SeeInvis .   b - +0 spear (curse)
rCold    . . .     Gourm    .   l - +0 shield (curse)
rNeg     . . .     Faith    .   m - +0 ring mail
rPois    .         Spirit   .   (no helmet)
rElec    .         Reflect  .   e - +1 cloak
rCorr    .         Harm     .   (no gloves)
MR       .....                  (no barding)
Stlth    ..........             (no amulet)
HPRegen  0.16/turn              (no ring)
MPRegen  0.10/turn              (no ring)

@: lethally poisoned (-1 -> -7), very quick
A: large, hooves 3, deformed body, speed 2, tough skin 3
a: no special abilities


You were on level 3 of the Dungeon.
You were not hungry.

You visited 1 branch of the dungeon, and saw 3 of its levels.

You collected 63 gold pieces.

Inventory:

Hand Weapons
 a - a +1 shortbow
 b - a cursed +0 spear (weapon)
Missiles
 d - 20 arrows
 g - 21 poisoned darts (quivered)
Armour
 e - a +1 cloak (worn)
 l - a cursed +0 shield (worn)
 m - a +0 ring mail (worn)
Jewellery
 h - a +2 ring of dexterity {unknown}
 n - an uncursed amulet of harm {unknown}
Wands
 o - a wand of scattershot (5)
Scrolls
 c - a scroll of fear {unknown}
 i - 2 scrolls of fog {unknown}
 k - 3 scrolls of identify {unknown}
Potions
 j - a potion of heal wounds {unknown}
Comestibles
 f - 2 rations


   Skills:
 - Level 2.0 Fighting
 + Level 10.0 Bows
 - Level 1.3 Dodging
 - Level 0.4 Stealth


You had 5 spell levels left.
You didn't know any spells.
Your spell library was empty.

Dungeon Overview and Level Annotations

Branches:
Dungeon (3/15)

Altars:
Wu Jian
Yredelemnul


Innate Abilities, Weirdness & Mutations

You have hooves in place of feet.
Armour fits poorly on your strangely shaped body.
You cover ground very quickly.
You have extremely tough skin. (AC +3)


Message History

You feel sick. The adder bites you.
* * * LOW HITPOINT WARNING * * *
You closely miss the adder.
The adder is almost dead.
* * * LOW HITPOINT WARNING * * *
You feel sick.
The adder bites you but does no damage. x2
You closely miss the adder.
The adder is almost dead.
* * * LOW HITPOINT WARNING * * *
You feel sick. The adder bites you but does no damage.
Your shield and ring mail prevent you from hitting the adder.
Your kick misses the adder.
The adder is almost dead.
* * * LOW HITPOINT WARNING * * *
You feel sick.
The adder bites you but does no damage. x2
You closely miss the adder.
The adder is almost dead.
* * * LOW HITPOINT WARNING * * *
You feel sick. The adder bites you.
You die...

#############
#.........).#
#.#########.######
#.# #.#..... #.#
#.#.#### #@# #.#.#
#S# #.#.#
########K#
#####.#.#
.........#
#.....>.####
#........#
#.###.......
..#.###.##
########
#.....)...... ..
#####.#####.. #..


You could see an adder and a kobold.

Vanquished Creatures
  Sigmund (D:2)
  A jelly (D:2)
  4 gnolls
  3 adders
  A worm (D:2)
  3 dart slugs
  2 leopard geckos
  4 orcs (D:3)
  A ball python (D:2)
  4 bats
  2 giant cockroaches
  5 goblins
  7 hobgoblins
  6 jackals
  7 kobolds
  2 frilled lizards (D:2)
  5 rats
58 creatures vanquished.

Notes
Turn   | Place    | Note
-------+----------+-------------------------------------------
     0 | D:1      | Kagalorn the Centaur Hunter began the quest for the Orb.
     0 | D:1      | Reached XP level 1. HP: 17/17 MP: 1/1
    73 | D:1      | Reached skill level 6 in Bows
    73 | D:1      | Reached XP level 2. HP: 12/24 MP: 2/2
   998 | D:2      | Noticed Sigmund
  1202 | D:1      | Reached XP level 3. HP: 15/29 MP: 3/3
  1412 | D:2      | Reached skill level 7 in Bows
  1604 | D:2      | Reached XP level 4. HP: 18/36 MP: 4/4
  1970 | D:3      | Found a basalt altar of Yredelemnul.
  1979 | D:3      | Reached skill level 8 in Bows
  2285 | D:2      | Killed Sigmund
  2285 | D:2      | Reached skill level 9 in Bows
  2285 | D:2      | Reached XP level 5. HP: 16/41 MP: 5/5
  2285 | D:2      | Reached XP level 6. HP: 18/48 MP: 6/6
  2515 | D:2      | Found an ornate altar of the Wu Jian Council.
  2606 | D:3      | Reached skill level 10 in Bows
  2683 | D:3      | Slain by an adder

Levels and vault maps discovered:
D:1:      nzn_arrival_water_spiral, layout_rooms
D:2:      layout_basic, overflow_temple_1_default, uniq_sigmund
D:3:      layout_loops_ring, nicolae_overflow_crystal_walls

Skill      XL: |  1  2  3  4  5  6 |
---------------+-------------------+-----
Bows           | 6 7 9 10 | 10.0
Fighting       | |  2.0
Dodging        | |  1.3
Stealth        | |  0.4

Action                   |  1- 3 |  4- 6 || total
-------------------------+-------+-------++-------
Melee: Short sword       |    31 |       ||    31
       Kick              |    19 |    15 ||    34
       Spear             |   104 |   162 ||   266
Throw: Dart              |       |     5 ||     5
  Eat: Chunk             |     1 |     4 ||     5
Armor: Leather armour    |     7 |       ||     7
       Ring mail         |    27 |    59 ||    86
Dodge: Dodged            |    39 |    22 ||    61
Block: Shield            |    19 |    37 ||    56

Table legend:
 A = Non-vault XP
 B = Vault XP
 C = Vault XP percentage of total XP
 D = Non-vault monster count
 E = Vault monster count
 F = Vault count percentage of total count
                 A         B        C        D         E       F
            +---------+---------+-------+---------+---------+-------
      Total |     241 |     238 |  49.7 |      57 |       1 |   1.7
            +---------+---------+-------+---------+---------+-------
        D:1 |      43 |       0 |   0.0 |      15 |       0 |   0.0
        D:2 |     138 |     238 |  63.3 |      25 |       1 |   3.8
        D:3 |      60 |       0 |   0.0 |      17 |       0 |   0.0
            +---------+---------+-------+---------+---------+-------
